 Dungeon Crawl Stone Soup version 0.29.1-12-g30fa7ad0bf (webtiles) character file.

Game seed: 9691092708868246530

135138 cheesebisquit the Earth Mage (level 17, -4/104 HPs)
             Began as a Gargoyle Earth Elementalist on Jan 11, 2023.
             Was a High Priest of Vehumet.
             Slain by the 27-headed Lernaean hydra (9 damage)
             ... on level 3 of the Swamp on Jan 12, 2023.
             The game lasted 04:14:28 (43722 turns).

cheesebisquit the Earth Mage (GrEE)                Turns: 43722, Time: 04:14:29

Health: -4/104     AC: 31    Str:  9 (11) XL:     17   Next: 18%
Magic:  41/41      EV: 13    Int: 24 (25) God:    Vehumet [*****.]
Gold:   1847       SH: 15    Dex: 12      Spells: 9/39 levels left

rFire   . . .      SeeInvis +   Y - staff of earth
rCold   . . .      Faith    .   e - +1 kite shield
rNeg    + . .      Spirit   .   F - +0 steam dragon scales
rPois   ∞          Reflect  +   S - +1 helmet
rElec   +          Harm     .   k - +2 cloak {Will+}
rCorr   .          Rampage  .   x - +1 pair of gloves
Will    ++...                   B - +2 pair of boots
Stlth   +++.......              s - amulet of reflection
HPRegen 0.27/turn               O - ring "Dujeu" {MP+9 Dex+2 SInv Stlth+}
MPRegen 0.27/turn               T - ring of wizardry

@: flying
A: sickness immunity, AC +12, big wings, negative energy resistance 1,
electricity resistance, torment resistance 1, petrification resistance,
deterioration 1
a: Renounce Religion


You were on level 3 of the Swamp.
You worshipped Vehumet.
Vehumet was extremely pleased with you.
You visited 5 branches of the dungeon, and saw 27 of its levels.
You also visited: Ice Cave.

You collected 3426 gold pieces.
You spent 1579 gold pieces at shops.

Inventory:

Hand Weapons
 m - the +7 mace of Midsummer {elec, rF+ Int+3}
   (You found it on level 3 of the Lair of Beasts)

   It occasionally discharges a powerful burst of electricity upon striking a
   foe.
   Int:       It affects your intelligence (+3).
   rF:        It protects you from fire.
 y - a +2 morningstar of protection
Missiles
 a - 7 curare-tipped darts
 i - 34 poisoned darts
 n - 3 throwing nets
 z - 2 atropa-tipped darts
Armour
 d - +0 swamp dragon scales
 e - a +1 kite shield (worn)
 k - a +2 cloak of willpower (worn)
 x - a +1 pair of gloves (worn)
 B - a +2 pair of boots (worn)
 F - +0 steam dragon scales (worn)
 S - a +1 helmet (worn)
 W - a +2 robe of resistance
Magical Staves
 Y - a staff of earth (weapon)
Jewellery
 s - an amulet of reflection (around neck)
 w - a ring of resist corrosion
 M - a ring of positive energy
 O - the ring "Dujeu" (left hand) {MP+9 Dex+2 SInv Stlth+}
   (You acquired it on level 1 of the Swamp)

   [ring of magical power]

   Dex:       It affects your dexterity (+2).
   MP:        It affects your magic capacity (+9).
   SInv:      It lets you see invisible.
   Stlth:     It makes you more stealthy.
 T - a ring of wizardry (right hand)
Wands
 p - a wand of mindburst (16)
 G - a wand of flame (25)
 H - a wand of roots (18)
 I - a wand of digging (5)
 J - a wand of quicksilver (8)
 R - a wand of charming (40)
 X - a wand of polymorph (5)
Scrolls
 f - 4 scrolls of teleportation
 j - 7 scrolls of vulnerability
 l - a scroll of blinking
 o - 2 scrolls of fog
 q - a scroll of fear
 r - 5 scrolls of poison
 u - a scroll of torment
 v - a scroll of enchant weapon
 A - 4 scrolls of amnesia
 K - a scroll of silence
 L - a scroll of magic mapping
 N - 3 scrolls of immolation
 P - a scroll of brand weapon
 V - 2 scrolls of summoning
Potions
 b - 7 potions of mutation
 c - 8 potions of attraction
 g - 3 potions of curing
 h - 9 potions of brilliance
 t - a potion of magic
 C - a potion of berserk rage
 E - 5 potions of lignification
 Q - a potion of resistance
 U - 2 potions of cancellation


   Skills:
 + Level 10.8 Fighting
 + Level 9.8 Maces & Flails
 - Level 8.6 Armour
 + Level 8.4 Dodging
 - Level 2.1 Stealth
 + Level 6.2 Shields
 + Level 11.9 Spellcasting
 + Level 13.3 Conjurations
 - Level 0.7 Transmutations
 + Level 5.6 Fire Magic
 + Level 15.2 Earth Magic
 + Level 9.1 Evocations


You had 9 spell levels left.
You knew the following spells:

 Your Spells              Type           Power      Damage    Failure   Level
a - Sandblast             Erth           100%       2d20      0%          1
b - Stone Arrow           Conj/Erth      100%       3d13      1%          3
c - Lee's Rapid Deconstr  Erth           46%        3d23*     1%          5
d - Conjure Flame         Conj/Fire      56%        6-21      1%          3
e - Fireball              Conj/Fire      28%        3d12      1%          5
f - Ignition              Fire           20%        3d7       99%         8
g - Borgnjor's Vile Clut  Necr/Erth      33%        N/A       6%          5

Your spell library contained the following spells:

 Spells                   Type           Power      Damage    Failure   Level
 Yara's Violent Unravell  Hex/Tmut       8%         3d5       26%         5
 Foxfire                  Conj/Fire      100%       2x1d9     1%          1
 Magic Dart               Conj           100%       1d8       1%          1
 Passwall                 Tmut/Erth      56%        N/A       1%          2
 Inner Flame              Hex/Fire       27%        N/A       1%          3
 Mephitic Cloud           Conj/Pois/Air  35%        N/A       1%          3
 Flame Wave               Conj/Fire      56%        2d13      1%          4
 Hailstorm                Conj/Ice       46%        3d11      1%          4
 Leda's Liquefaction      Hex/Erth       33%        N/A       1%          4
 Petrify                  Tmut/Erth      68%        N/A       1%          4
 Poisonous Vapours        Pois/Air       28%        N/A       2%          2
 Apportation              Tloc           28%        N/A       4%          1
 Necrotise                Necr           56%        1d6       4%          1
 Summon Small Mammal      Summ           56%        N/A       4%          1
 Frozen Ramparts          Ice            28%        1d5       4%          3
 Starburst                Conj/Fire      28%        6d9       4%          6
 Call Imp                 Summ           14%        N/A       8%          2
 Call Canine Familiar     Summ           14%        N/A       14%         3
 Confusing Touch          Hex            14%        N/A       14%         3
 Gell's Gravitas          Tloc           14%        N/A       14%         3
 Lesser Beckoning         Tloc           14%        N/A       14%         3
 Ozocubu's Armour         Ice            14%        N/A       14%         3
 Portal Projectile        Hex/Tloc       28%        N/A       14%         3
 Summon Guardian Golem    Hex/Summ       14%        N/A       14%         3
 Teleport Other           Tloc           14%        N/A       14%         3
 Ice Form                 Ice/Tmut       16%        N/A       36%         4
 Animate Dead             Necr           14%        N/A       41%         4
 Cause Fear               Hex            7%         N/A       41%         4
 Corpse Rot               Necr/Pois/Air  14%        N/A       41%         4
 Summon Ice Beast         Ice/Summ       14%        N/A       41%         4
 Spellforged Servitor     Conj/Summ      23%        N/A       50%         7
 Metabolic Englaciation   Hex/Ice        7%         N/A       75%         5
 Summon Forest            Summ/Tloc      7%         N/A       75%         5
 Eringya's Noxious Bog    Tmut/Pois      8%         N/A       75%         6
 Death Channel            Necr           7%         N/A       99%         6
 Dispersal                Tloc           7%         N/A       99%         6
 Simulacrum               Ice/Necr       7%         N/A       99%         6
 Summon Hydra             Summ           7%         N/A       100%        7
 Discord                  Hex            7%         N/A       100%        8


Dungeon Overview and Level Annotations

Branches:
Dungeon (15/15)            Temple (1/1) D:7            Lair (5/5) D:10
  Swamp (4/4) Lair:2       Spider (0/4) Lair:2        Slime (0/5) Lair:5
    Orc (2/2) D:12            Elf (0/3) Orc:2        Vaults (0/5) D:13
 Depths (0/4) D:15          IceCv (visited)

Altars:
Ashenzari
Cheibriados
Dithmenos
Elyvilon
Fedhas
Gozag
Hepliaklqana
Kikubaaqudgha
Makhleb
Nemelex Xobeh
Okawaru
Qazlal
Ru
Sif Muna
Trog
Uskayaw
Vehumet
Wu Jian
Xom
Yredelemnul
Zin
The Shining One
Jiyva
Lugonu

Shops:
D:7 ?   D:11 *   Orc:2 ![[[?

Portals:
Abyss: D:15*

Annotations:
D:4 2 transporters
D:11 1 runed translucent door, Rudyous's ghost, journeyman HOFi
D:13 1 runed translucent door
Lair:5 1 runed translucent door
Swamp:3 Lernaean hydra
Swamp:4 Nikola


Innate Abilities, Weirdness & Mutations

You are immune to sickness and miasma.
Your stone body is resilient. (AC +12)
You are immune to poison.
Your large and strong wings let you fly.
You resist negative energy. (rN+)
You are resistant to electric shocks. (rElec)
You are resistant to unholy torment.
You are immune to petrification.
Your body sometimes deteriorates upon taking damage.


Message History

The 27-headed Lernaean hydra bites you but does no damage.
The 27-headed Lernaean hydra barely misses you.
The 27-headed Lernaean hydra bites you!
* * * LOW HITPOINT WARNING * * *
You block the 27-headed Lernaean hydra's attack.
The 27-headed Lernaean hydra completely misses you.
The 27-headed Lernaean hydra closely misses you.
The 27-headed Lernaean hydra bites you but does no damage. x3
The 27-headed Lernaean hydra bites you!
* * * LOW HITPOINT WARNING * * *
You block the 27-headed Lernaean hydra's attack.
The 27-headed Lernaean hydra bites you but does no damage. x2
You block the 27-headed Lernaean hydra's attack.
The 27-headed Lernaean hydra bites you but does no damage. x3
The 27-headed Lernaean hydra barely misses you.
You fly upwards.
There is a stone staircase leading down here.
You block the 27-headed Lernaean hydra's attack.
The 27-headed Lernaean hydra barely misses you.
The 27-headed Lernaean hydra bites you but does no damage. x2
You block the 27-headed Lernaean hydra's attack.
The 27-headed Lernaean hydra bites you but does no damage.
You block the 27-headed Lernaean hydra's attack.
The 27-headed Lernaean hydra bites you but does no damage.
The 27-headed Lernaean hydra bites you.
* * * LOW HITPOINT WARNING * * *
The 27-headed Lernaean hydra bites you but does no damage.
The 27-headed Lernaean hydra misses you.
The 27-headed Lernaean hydra bites you but does no damage. x3
The 27-headed Lernaean hydra barely misses you.
The 27-headed Lernaean hydra bites you but does no damage.
The 27-headed Lernaean hydra bites you.
* * * LOW HITPOINT WARNING * * *
The 27-headed Lernaean hydra bites you but does no damage.
The 27-headed Lernaean hydra misses you.
The 27-headed Lernaean hydra bites you but does no damage.
The 27-headed Lernaean hydra barely misses you.
The 27-headed Lernaean hydra bites you but does no damage.
The 27-headed Lernaean hydra bites you!
You die...

♣♣.≈.♣♣..♣P♣..♣♣.≈.~~♣ ♣.♣
♣~~≈..♣≈≈.....♣..≈~.~♣♣ ♣♣.♣♣
..♣≈..≈P≈.♣..♣.♣.≈...~♣ ♣...♣
.~♣≈.≈P≈♣♣♣♣♣...≈.~.~♣♣♣♣♣♣♣♣.♣♣
.♣♣.≈P≈.^♣.♣.♣.≈.~~~~~~~~..~..♣♣
~♣♣♣.≈....≈...≈.~♣~...~~~~~~~.~♣♣
♣♣ ♣♣.≈≈≈≈.≈≈≈.~.~.~~§.~~..~~§~~♣
♣ ♣.~...~...~..D~♣.....~~~~~~÷♣ ♣
♣~~~.~♣...§~@~~~.~.~♣..~♣~[>. ♣
♣...~~~.....)[♣♣~~...~~.~~..~ ♣♣
♣.♣~.~.~~..~...§~~~~~.§~~~~♣~
.♣♣♣♣~~~♣.~~~~~~~.<..~~§..~.♣§~♣.
.♣.♣♣.~~~..~§♣§...~~.~~.§~~~♣...~
..~~.~~~§~~~~~~♣~..~~~♣~~.♣.♣♣.~~
♣~~~♣..~~~.~~.(.~....~~....~.♣.~~
♣.♣♣♣♣~~~.~~~~~~~~♣~~.~.~~~~...~.
♣~~~♣♣♣<~~.~♣~~~~~~♣~.~.~.~~~~.~.


You could see the 27-headed Lernaean hydra.

Vanquished Creatures
  Rupert (Orc:1)
  Jorgrun (Swamp:1)
  2 tentacled starspawn (D:15)
  Kirke (D:14)
  2 fenstrider witches
  Louise (Swamp:3)
  2 eleionomae
  Azrael (D:11)
  2 bunyips
  Snorg (D:12)
  Josephine (D:12)
  2 shambling mangroves (Swamp:2)
  Harold (D:10)
  4 vault guards (D:13)
  A rakshasa (D:14)
  2 boulder beetles
  17 hydras
  An ogre mage (D:15)
  10 alligators
  A spriggan air mage (Swamp:3)
  5 catoblepae
  3 centaur warriors
  6 two-headed ogres
  3 ghost crabs
  13 death yaks
  3 tengu warriors
  An orc high priest (Orc:2)
  Nergalle (Lair:1)
  Sonja (Lair:5)
  6 spriggans
  7 goliath frogs
  9 skeletal warriors
  3 starcursed masses (D:15)
  11 bog bodies
  3 wizards (D:15)
  A glowing orange brain (D:15)
  12 swamp dragons
  An orc knight (D:14)
  7 orc sorcerers
  4 deep elf pyromancers
  3 will-o-the-wisps
  12 ugly things
  2 cyclopes
  2 manticores (Lair:5)
  3 elephants (Lair:2)
  2 black mambas
  4 gargoyles
  Joseph (D:10)
  An elephant (shapeshifter) (D:14)
  10 cane toads
  A molten gargoyle (Lair:3)
  5 komodo dragons
  2 rime drakes
  An unseen horror (D:12)
  An efreet (D:13)
  8 trolls
  A tengu conjurer (D:13)
  3 meliai (D:14)
  10 hornets
  A polar bear (Lair:2)
  Prince Ribbit (D:8)
  9 slime creatures
  8 tyrant leeches
  5 blink frogs (Lair:1)
  A jumping spider (Lair:2)
  A culicivora (shapeshifter) (D:13)
  A vampire (D:13)
  7 wraiths
  A shadow (D:10)
  42 yaks
  A culicivora (Lair:2)
  4 fire bats (Lair:3)
  A basilisk (Lair:2)
  2 wyverns
  3 hogs
  9 vampire mosquitoes
  Eustachio (D:6)
  2 fire elementals
  6 redbacks (Lair:2)
  A steam dragon (D:9)
  8 swamp worms
  2 acid dragons
  6 wargs
  19 water moccasins
  2 hell hounds
  7 swamp drakes
  A floating eye (shapeshifter) (D:15)
  20 orc warriors
  5 black bears
  3 sky beasts
  8 ogres
  4 centaurs
  2 phantoms (D:5)
  A kobold brigand (D:5)
  15 bullfrogs
  2 necrophages
  A gnoll sergeant (D:13)
  2 scorpions (D:7)
  8 wights
  2 elephant simulacra (IceCv)
  11 killer bees
  An electric eel (Lair:3)
  2 howler monkeys
  2 jellies (D:6)
  25 orc priests
  7 hounds
  6 iguanas
  Jessica (D:2)
  Ijyb (D:4)
  A polar bear simulacrum (IceCv)
  35 orc wizards
  2 wolf simulacra (IceCv)
  7 adders
  6 gnolls
  14 white imps
  An ufetubus (D:7)
  2 worms (D:2)
  2 dart slugs
  54 orcs
  3 bats
  5 endoplasms
  2 giant cockroaches
  10 goblins
  3 hobgoblins (D:4)
  3 jackals (D:2)
  2 quokkas (D:4)
  5 ball pythons
  2 frilled lizards (D:1)
  8 kobolds
  5 rats
  4 starspawn tentacles (D:15)
683 creatures vanquished.

Vanquished Creatures (others)
  A bloated husk (Swamp:4)
  An orc (Orc:2)
  16 foxfires
  30 fungi
  31 plants
  3 starspawn tentacles (D:15)
82 creatures vanquished.

Grand Total: 765 creatures vanquished

Notes
Turn   | Place    | Note
-------+----------+-------------------------------------------
     0 | D:1      | cheesebisquit the Gargoyle Earth Elementalist began the
                  | quest for the Orb.
     0 | D:1      | Reached XP level 1. HP: 10/10 MP: 3/3
   267 | D:1      | Reached skill level 4 in Earth Magic
   267 | D:1      | Reached XP level 2. HP: 15/15 MP: 3/5
   774 | D:2      | Reached XP level 3. HP: 19/19 MP: 4/6
  1026 | D:2      | Noticed Jessica
  1136 | D:2      | Reached XP level 4. HP: 24/24 MP: 6/8
  1803 | D:2      | Found a faded altar of an unknown god.
  1998 | D:3      | Learned a level 3 spell: Stone Arrow
  2223 | D:3      | Found an opulent altar of Gozag.
  2225 | D:3      | Found an ancient bone altar of Kikubaaqudgha.
  2248 | D:3      | Found a glowing golden altar of the Shining One.
  2252 | D:3      | Found a basalt altar of Yredelemnul.
  2393 | D:3      | Found a bloodstained altar of Trog.
  2489 | D:3      | Found a blossoming altar of Fedhas.
  2489 | D:3      | Found a sparkling altar of Nemelex Xobeh.
  2547 | D:3      | Reached skill level 5 in Earth Magic
  2958 | D:4      | Noticed a sky beast
  2970 | D:4      | Killed a sky beast
  2971 | D:4      | Reached skill level 1 in Conjurations
  2971 | D:4      | Reached XP level 5. HP: 4/28 MP: 0/10
  3439 | D:4      | Reached XP level 6. HP: 32/32 MP: 8/11
  3757 | D:4      | Found a transporter.
  3795 | D:4      | Noticed Ijyb
  3847 | D:4      | Found a transporter.
  4424 | D:2      | Killed Jessica
  4686 | D:4      | Killed Ijyb
  4831 | D:5      | Entered Level 5 of the Dungeon
  4843 | D:5      | Noticed a black bear
  4845 | D:5      | Killed a black bear
  4846 | D:5      | Reached skill level 6 in Earth Magic
  4854 | D:5      | Reached XP level 7. HP: 10/36 MP: 2/13
  5880 | D:5      | Reached skill level 5 in Spellcasting
  5880 | D:5      | Reached skill level 7 in Earth Magic
  5961 | D:5      | Reached XP level 8. HP: 38/41 MP: 10/15
  6413 | D:5      | Noticed a yak
  6417 | D:5      | Reached skill level 5 in Conjurations
  6422 | D:5      | Killed a yak
  6988 | D:6      | Noticed Eustachio
  6992 | D:6      | Killed Eustachio
  6993 | D:6      | Reached skill level 8 in Earth Magic
  7390 | D:6      | Reached XP level 9. HP: 45/45 MP: 9/18
  8249 | D:7      | Noticed a hornet
  8254 | D:7      | Killed a hornet
  8255 | D:7      | Reached skill level 9 in Earth Magic
  8668 | D:7      | Found a staircase to the Ecumenical Temple.
  8681 | Temple   | Entered the Ecumenical Temple
  8710 | Temple   | Became a worshipper of Vehumet
  8880 | D:7      | Found Zodgheulo's Magic Scroll Emporium.
  8885 | D:7      | Bought 2 scrolls of identify for 52 gold pieces
  8885 | D:7      | Bought a scroll of identify for 26 gold pieces
  8885 | D:7      | Bought a scroll of identify for 26 gold pieces
  8885 | D:7      | Bought a scroll of identify for 26 gold pieces
  9099 | D:8      | Noticed a hornet
  9185 | D:8      | Killed a hornet
  9186 | D:8      | Reached skill level 10 in Earth Magic
  9596 | D:8      | Reached XP level 10. HP: 50/50 MP: 5/21
  9806 | D:8      | Noticed Prince Ribbit
  9809 | D:8      | Killed Prince Ribbit
  9810 | D:8      | Reached skill level 1 in Fighting
  9810 | D:8      | Reached skill level 1 in Maces & Flails
  9810 | D:8      | Reached skill level 1 in Armour
 10120 | D:8      | Reached skill level 1 in Evocations
 11092 | D:9      | Noticed a two-headed ogre
 11096 | D:9      | Reached * piety under Vehumet
 11096 | D:9      | Offered knowledge of Freeze by Vehumet.
 11099 | D:9      | Killed a two-headed ogre
 12109 | D:10     | Entered Level 10 of the Dungeon
 12817 | D:10     | Reached XP level 11. HP: 59/60 MP: 3/23
 12821 | D:10     | Found a staircase to the Lair.
 12937 | D:10     | Reached skill level 11 in Earth Magic
 13159 | D:10     | Noticed Harold
 13172 | D:10     | Killed Harold
 13265 | D:10     | Reached ** piety under Vehumet
 13273 | D:10     | Offered knowledge of Poisonous Vapours by Vehumet.
 13349 | D:10     | Noticed Joseph
 13353 | D:10     | Killed Joseph
 14200 | D:11     | Found a shimmering blue altar of Sif Muna.
 14234 | D:11     | Found Kietayl's General Store.
 14237 | D:11     | Bought a scroll of poison for 44 gold pieces
 14237 | D:11     | Bought a scroll of identify for 22 gold pieces
 14237 | D:11     | Bought a scroll of identify for 22 gold pieces
 14237 | D:11     | Bought a scroll of identify for 22 gold pieces
 14551 | D:11     | Found a runed translucent door.
 14555 | D:11     | Noticed Rudyous's ghost (journeyman HOFi)
 14589 | D:11     | Noticed a cyclops
 14592 | D:11     | Killed a cyclops
 15079 | D:12     | Noticed a two-headed ogre
 15085 | D:12     | Killed a two-headed ogre
 15180 | D:12     | Noticed Azrael
 15591 | D:11     | Killed Azrael
 15743 | D:12     | Found a staircase to the Orcish Mines.
 15768 | D:12     | Noticed Josephine
 15773 | D:12     | Killed Josephine
 16013 | D:12     | Reached skill level 5 in Armour
 16014 | D:12     | Reached skill level 5 in Fighting
 16014 | D:12     | Reached XP level 12. HP: 68/68 MP: 14/24
 16255 | D:12     | Noticed Snorg
 16267 | D:12     | Killed Snorg
 16754 | D:12     | HP: 1/68 [something (8)]
 17817 | Lair:1   | Entered Level 1 of the Lair of Beasts
 17840 | Lair:1   | Noticed a four-headed hydra
 17865 | Lair:1   | Reached skill level 10 in Conjurations
 17865 | Lair:1   | Noticed Nergalle
 17911 | Lair:1   | Killed Nergalle
 17941 | Lair:1   | Offered knowledge of Ignite Poison by Vehumet.
 18110 | Lair:1   | Found a frozen archway.
 18120 | IceCv    | Entered an ice cave
 18693 | Lair:1   | Reached skill level 12 in Earth Magic
 18750 | Lair:1   | Reached skill level 5 in Maces & Flails
 18833 | Lair:1   | Killed a four-headed hydra
 19056 | Lair:1   | Reached *** piety under Vehumet
 19259 | Lair:1   | Reached skill level 5 in Evocations
 20064 | Lair:2   | Reached skill level 5 in Dodging
 20219 | Lair:2   | Reached XP level 13. HP: 64/75 MP: 16/26
 20352 | Lair:2   | Found a hole to the Spider Nest.
 20731 | Lair:2   | Offered knowledge of Iskenderun's Mystic Blast by Vehumet.
 21922 | Lair:2   | Reached **** piety under Vehumet
 22125 | Lair:2   | Found a staircase to the Swamp.
 22155 | Lair:2   | Offered knowledge of Lee's Rapid Deconstruction by Vehumet.
 22162 | Lair:2   | Learned a level 5 spell: Lee's Rapid Deconstruction
 22741 | Lair:3   | Reached skill level 10 in Spellcasting
 22798 | Lair:3   | Identified the +7 mace of Midsummer {elec, rF+ Int+3}
 23140 | Lair:3   | Reached skill level 13 in Earth Magic
 24260 | Lair:4   | Got the Guidebook on Curses
 24911 | Lair:5   | Entered Level 5 of the Lair of Beasts
 24913 | Lair:5   | Gained mutation: Your large and strong wings let you fly.
                  | [Gargoyle growth]
 24913 | Lair:5   | Reached XP level 14. HP: 82/82 MP: 26/28
 25466 | Lair:5   | Found a runed translucent door.
 25471 | Lair:5   | Found a viscous altar of Jiyva.
 25471 | Lair:5   | Found a staircase to the Slime Pits.
 25771 | Lair:5   | Reached ***** piety under Vehumet
 25939 | Lair:5   | Offered knowledge of Sticky Flame by Vehumet.
 26431 | Lair:5   | Noticed Sonja
 26441 | Lair:5   | Killed Sonja
 26999 | Orc:1    | Entered Level 1 of the Orcish Mines
 27702 | Orc:2    | Entered Level 2 of the Orcish Mines
 27733 | Orc:2    | Found a gate leading to a gauntlet.
 27770 | Orc:2    | Found Hirac's Magic Scroll Boutique.
 28022 | Orc:2    | Noticed Rupert
 28025 | Orc:2    | Paralysed by Rupert for 2 turns
 28054 | Orc:1    | Killed Rupert
 28260 | Orc:2    | Offered knowledge of Lightning Bolt by Vehumet.
 28692 | Orc:2    | Found a staircase to the Elven Halls.
 29629 | Orc:2    | Found Suorr's Armour Emporium.
 29629 | Orc:2    | Found Vauzoudd's Antique Armour Shoppe.
 29630 | Orc:2    | Found Pashri's Antique Armour Shoppe.
 29634 | Orc:2    | Found Qecemag's Distillery.
 29637 | Orc:2    | Bought a +2 cloak of willpower for 301 gold pieces
 29669 | Orc:2    | Bought a potion of heal wounds for 75 gold pieces
 29669 | Orc:2    | Bought a potion of curing for 45 gold pieces
 29669 | Orc:2    | Bought a potion of heal wounds for 75 gold pieces
 29669 | Orc:2    | Bought 3 potions of curing for 135 gold pieces
 29672 | Orc:2    | Bought the +2 robe "Dumoej" {rPois rF+ rN+ Int+2} for 522
                  | gold pieces
 29885 | Orc:2    | Bought a scroll of summoning for 104 gold pieces
 29885 | Orc:2    | Bought a scroll of enchant armour for 82 gold pieces
 30391 | D:13     | Learned a level 3 spell: Conjure Flame
 30397 | D:13     | Learned a level 5 spell: Fireball
 30406 | D:13     | Learned a level 8 spell: Ignition
 30688 | D:13     | Found a gate to the Vaults.
 30710 | D:13     | Reached skill level 1 in Shields
 30711 | D:13     | Reached skill level 1 in Fire Magic
 30711 | D:13     | Reached XP level 15. HP: 49/89 MP: 17/29
 31458 | D:13     | Found a runed translucent door.
 31464 | D:13     | Found a basalt altar of Yredelemnul.
 32012 | D:14     | Reached skill level 14 in Earth Magic
 33106 | D:15     | Entered Level 15 of the Dungeon
 34109 | D:15     | Noticed Kirke
 34249 | D:14     | Killed Kirke
 34954 | D:15     | Found a corrupted altar of Lugonu.
 34954 | D:15     | Noticed a tentacled starspawn
 34986 | D:15     | Killed a tentacled starspawn
 35145 | D:15     | Found a staircase to the Depths.
 35148 | D:15     | Gained mutation: Your body sometimes deteriorates upon
                  | taking damage. [a shining eye]
 35275 | D:15     | Found a one-way gate to the infinite horrors of the Abyss.
 35599 | D:15     | Noticed a tentacled starspawn
 35607 | D:15     | Killed a tentacled starspawn
 35812 | D:15     | Found the +8 demon trident "Rift" {distort, reach+}
 36256 | Swamp:1  | Entered Level 1 of the Swamp
 36267 | Swamp:1  | Noticed a fenstrider witch
 36318 | Swamp:1  | Killed a fenstrider witch
 36319 | Swamp:1  | Reached XP level 16. HP: 93/97 MP: 20/31
 36791 | Swamp:1  | Offered knowledge of Yara's Violent Unravelling by Vehumet.
 36991 | Swamp:1  | Reached skill level 10 in Fighting
 37236 | Swamp:1  | Learned a level 5 spell: Borgnjor's Vile Clutch
 37459 | Swamp:2  | Noticed Jorgrun
 37894 | Swamp:1  | Killed Jorgrun
 38024 | Swamp:1  | Identified a scroll of acquirement
 38037 | Swamp:1  | Acquired the ring "Dujeu" {MP+9 Dex+2 SInv Stlth+}
 38356 | Swamp:2  | Reached skill level 5 in Shields
 38374 | Swamp:2  | Noticed a fenstrider witch
 38449 | Swamp:2  | Killed a fenstrider witch
 40410 | Swamp:3  | Reached skill level 15 in Earth Magic
 40516 | Swamp:3  | Reached skill level 5 in Fire Magic
 40775 | Swamp:4  | Entered Level 4 of the Swamp
 42133 | Swamp:4  | Reached XP level 17. HP: 103/103 MP: 30/32
 42432 | Swamp:4  | Noticed Louise
 42575 | Swamp:3  | Killed Louise
 43618 | Swamp:4  | Acquired the Textbook on the Excruciating Winter
 43633 | Swamp:4  | Noticed the 27-headed Lernaean hydra
 43656 | Swamp:4  | Noticed Nikola
 43722 | Swamp:3  | HP: 5/104 [the 27-headed Lernaean hydra (5)]
 43722 | Swamp:3  | Slain by the 27-headed Lernaean hydra

Illustrated notes

Levels and vault maps discovered:
D:1:      ebering_trefoil_3fold, layout_basic, minmay_misc_feat_enclosed,
          st_stairs_5, nrook_uturn, minmay_hedge_maze, serial_park_tiny_1,
          minmay_fountain_box, minmay_misc_feat_cross
D:2:      layout_loops_corners, chequers_ecumenical_altar_twisty, uniq_jessica
D:3:      layout_loops_ring, nicolae_overflow_hidden_temple, minitemple,
          mainiacjoe_overflow_six_doors_small
D:4:      gammafunk_wand_slinger, layout_cave_pods,
          minmay_misc_feat_secret_circle, uniq_ijyb
D:5:      cheibrodos_barr_body, layout_layer_cave
D:6:      layout_gridville, minmay_crossroads, uniq_eustachio
D:7:      layout_loops_ring, minmay_temple_entry_waves, serial_shops,
          shop_statue, kennysheep_generic_room_12
D:8:      layout_basic, minmay_splitting_lines, uniq_prince_ribbit1
D:9:      layout_stronghold, minmay_chambers_of_fives
D:10:     layout_stronghold, erik_lair_orcish_takeover, uniq_harold, uniq_joseph
D:11:     layout_basic, ebering_ghost_reflecting_pool, serial_shops,
          kennysheep_mini_moat, nicolae_sif_muna_condensation
D:12:     layout_cave_pools, orc_0_dummy, uniq_azrael, uniq_snorg,
          uniq_josephine
D:13:     layout_loops_cross, lightli_vaults_fourway_checkpoint,
          nicolae_danse_macabre
D:14:     layout_rooms, hangedman_abyss_or_decor_slice
D:15:     gammafunk_enter_depths_forms, layout_cave_pools,
          hangedman_abyss_or_decor_jellyfish_corner,
          hellmonk_guarded_unrand_rift, uniq_kirke
Temple:   nicolae_temple_no_exploring_needed
Lair:1:   layout_gridlike, portal_ice_cave_entry_imps,
          minmay_stone_trees_medium, grunt_megastairs_1,
          infiniplex_staircase_pool, lemuel_fruit_tree, uniq_nergalle
Lair:2:   layout_chaotic_city, minmay_swamp_entry_swarm,
          nicolae_spider_entry_tight_spaces, cheibrodos_lair_reptile_den
Lair:3:   layout_gridlike, grunt_megastairs_3, infiniplex_staircase_pool_2
Lair:4:   layout_long_grid, columned_hall_lemuel
Lair:5:   evilmike_catoblepas_cave, layout_regular_city, slime_entry_2,
          uniq_sonja
Swamp:1:  layout_basic_swamp, evilmike_swamp_ruin_wall, swamp_pool1
Swamp:2:  layout_falls_marsh, evilmike_swamp_ruin_house_2, uniq_jorgrun
Swamp:3:  layout_falls_marsh, hangedman_swamp_pad
Swamp:4:  grunt_swamp_rune_castle, layout_basic_swamp,
          nicolae_swamp_trees_clearing, uniq_donald, uniq_nikola, uniq_louise
Orc:1:    layout_diamond_mine
Orc:2:    st_orc_mages, layout_diamond_mine, serial_shops,
          nicolae_shop_waterfront, basic_altar, gauntlet_entry_generic,
          nicolae_orc_bridge_out, uniq_rupert

Skill      XL: |  1  2  3  4  5  6  7  8  9 10 11 12 13 14 15 16 17 |
---------------+----------------------------------------------------+-----
Earth Magic    | 4 5 6 7 8 10 11 12 13 14 15 | 15.2
Spellcasting   | 3 4 5 6 7 8 9 10 11 | 11.9
Conjurations   | 1 2 3 4 6 8 9 10 11 12 13 | 13.3
Fighting       | 3 5 6 7 8 9 10 | 10.8
Maces & Flails | 2 4 5 6 8 9 |  9.8
Armour         | 3 5 6 7 8 |  8.6
Evocations     | 2 4 5 6 7 8 9 |  9.1
Dodging        | 3 4 5 6 7 8 |  8.4
Shields        | 1 4 5 6 |  6.2
Fire Magic     | 1 3 5 |  5.6
Stealth        | |  2.1
Transmutations | |  0.7

Action                   |  1- 3 |  4- 6 |  7- 9 | 10-12 | 13-15 | 16-18 || total
-------------------------+-------+-------+-------+-------+-------+-------++-------
Melee: Club              |    24 |       |       |       |       |       ||    24
       Punch             |     1 |       |       |     3 |     1 |       ||     5
       Unarmed           |     1 |       |       |       |       |       ||     1
       War axe           |       |     4 |       |       |       |       ||     4
       Flail             |       |    13 |    17 |    35 |       |       ||    65
       Morningstar       |       |       |       |   131 |    29 |       ||   160
       Mace              |       |       |       |       |   105 |     9 ||   114
       Staff             |       |       |       |       |       |    31 ||    31
 Cast: Sandblast         |    32 |    46 |    78 |    13 |    15 |     3 ||   187
       Stone Arrow       |       |    10 |    67 |   277 |   695 |   416 ||  1465
       Lee's Rapid Decon |       |       |       |       |    54 |     3 ||    57
       Conjure Flame     |       |       |       |       |     1 |       ||     1
       Fireball          |       |       |       |       |       |     2 ||     2
       Borgnjor's Vile C |       |       |       |       |       |     2 ||     2
Evoke: Wand              |       |       |       |     1 |     1 |     2 ||     4
  Use: Scroll            |       |     2 |    13 |     9 |    10 |     8 ||    42
       Potion            |       |       |     1 |    12 |    26 |     1 ||    40
Armor: Robe              |    17 |    13 |    35 |    32 |       |       ||    97
       Steam dragon scal |       |       |       |   219 |   274 |   314 ||   807
Dodge: Dodged            |    32 |    17 |    53 |   223 |   282 |   204 ||   811
Block: Other             |       |       |       |    59 |       |       ||    59
       Reflection        |       |       |       |     5 |       |     6 ||    11
       Kite shield       |       |       |       |       |       |   235 ||   235
